 Dungeon Crawl Stone Soup version 0.19.0-16-g73b5abf (webtiles) character file.

103 Patate the Sneak (level 4, 0/22 HPs)
             Began as a Spriggan Assassin on Nov 10, 2016.
             Slain by a bullfrog skeleton (7 damage)
             ... on level 4 of the Dungeon.
             The game lasted 00:09:54 (3208 turns).

Patate the Sneak (Spriggan Assassin)                Turns: 3208, Time: 00:09:54

Health: 0/22       AC:  4    Str:  7    XL:     4   Next: 51%
Magic:  5/5        EV: 19    Int: 17    God:
Gold:   155        SH:  0    Dex: 18    Spells: 0 memorised, 3 levels left

rFire  . . .     SeeInvis +     a - +2 dagger
rCold  . . .     Gourm    .     c - +0 robe
rNeg   . . .     Faith    .     (shield restricted)
rPois  .         Spirit   .     (helmet restricted)
rElec  .         Reflect  .     d - +1 cloak
rCorr  .         Harm     .     (gloves unavailable)
MR     +....                    (boots unavailable)
Stlth  ++++......               (no amulet)
                                j - +5 ring of intelligence
                                i - ring of protection from magic

@: very quick
A: unfitting armour, see invisible, herbivore 3, speed 3, slow metabolism 2
a: no special abilities


You were on level 4 of the Dungeon.
You were not hungry.

You visited 1 branch of the dungeon, and saw 4 of its levels.

You collected 155 gold pieces.

Inventory:

Hand Weapons
 a - a +2 dagger (weapon)
 b - a +0 blowgun
Missiles
 e - 2 poisoned needles
 f - a curare-tipped needle
Armour
 c - a +0 robe (worn)
 d - a +1 cloak (worn)
Jewellery
 i - a ring of protection from magic (left hand)
 j - a +5 ring of intelligence (right hand)
Scrolls
 q - a scroll of immolation {unknown}
 s - a scroll of amnesia
Potions
 h - a potion of flight
 k - a potion of might
 l - a potion of brilliance
 m - a potion of haste {unknown}
 n - a potion of lignification {unknown}
 o - a potion of resistance {unknown}
 p - a potion of agility {unknown}
 r - a potion of heal wounds {unknown}
Comestibles
 g - 4 bread rations


   Skills:
 - Level 1.5 Fighting
 + Level 3.3 Short Blades
 - Level 2.0 Throwing
 + Level 3.3 Dodging
 * Level 7.6 Stealth


You had 3 spell levels left.
You didn't know any spells.

Dungeon Overview and Level Annotations

Branches:
Dungeon (4/15)
 Temple: D:4-7

Altars:
Elyvilon
The Shining One

Annotations:
D:4 Blork the orc, Edmund


Innate Abilities, Weirdness & Mutations

You are very small and have problems with some larger weapons.
You are too small for most types of armour.
You have supernaturally acute eyesight. (SInv)
You are a herbivore.
You cover ground extremely quickly.
You need consume almost no food.


Message History

The bullfrog skeleton hits you but does no damage.
You hit the bullfrog skeleton.
The bullfrog skeleton is moderately damaged.
The bullfrog skeleton hits you!
You barely miss the bullfrog skeleton.
The bullfrog skeleton is moderately damaged.
The bullfrog skeleton closely misses you.
You hit the bullfrog skeleton.
The bullfrog skeleton is heavily damaged.
The bullfrog skeleton hits you.
You hit the bullfrog skeleton.
The bullfrog skeleton is severely damaged.
The bullfrog skeleton hits you.
You hit the bullfrog skeleton.
The bullfrog skeleton is severely damaged.
The bullfrog skeleton closely misses you.
You hit the bullfrog skeleton but do no damage.
The bullfrog skeleton is severely damaged.
The bullfrog skeleton hits you. The bullfrog skeleton hits you!
You die...

#####
......##############
.<...SZ@......<....#
.####.##########......
# ##### #.# #.# ...
#.#


You could see an adder and a bullfrog skeleton.

Vanquished Creatures
  4 adders (D:3)
  2 worms
  A dart slug (D:3)
  A leopard gecko (D:2)
  4 orcs (D:3)
  8 bats
  3 giant cockroaches
  5 goblins
  8 hobgoblins
  A quokka (D:3)
  A ball python (D:1)
  4 frilled lizards
  6 kobolds
  5 rats
53 creatures vanquished.

Vanquished Creatures (others)
  An orc wizard (D:3)
1 creature vanquished.

Grand Total: 54 creatures vanquished

Notes
Turn   | Place    | Note
-------+----------+-------------------------------------------
     0 | D:1      | Patate the Spriggan Assassin began the quest for the Orb.
     0 | D:1      | Reached XP level 1. HP: 10/10 MP: 2/2
    94 | D:1      | Reached skill level 6 in Stealth
   193 | D:1      | Reached XP level 2. HP: 7/14 MP: 3/3
  1449 | D:2      | Reached XP level 3. HP: 18/18 MP: 4/4
  2329 | D:3      | Reached skill level 7 in Stealth
  2575 | D:3      | Reached XP level 4. HP: 20/22 MP: 5/5
  2687 | D:3      | Found a glowing drain.
  2783 | D:3      | Found a glowing golden altar of the Shining One.
  3050 | D:3      | Found a white marble altar of Elyvilon.
  3142 | D:4      | Noticed Blork the orc
  3145 | D:4      | Noticed Edmund
  3208 | D:4      | Slain by a bullfrog skeleton

Skill      XL: |  1  2  3  4 |
---------------+-------------+-----
Stealth        | 6 7 |  7.6
Dodging        | 2 3 |  3.3
Short Blades   | 3 |  3.3
Fighting       | |  1.5
Throwing       | |  2.0

Action                   |  1- 3 |  4- 6 || total
-------------------------+-------+-------++-------
Melee: Dagger            |   159 |    14 ||   173
 Fire: Blowgun           |    33 |    12 ||    45
  Use: Scroll            |     9 |       ||     9
 Stab: Sleeping          |     7 |       ||     7
Armor: Robe              |    19 |     2 ||    21
Dodge: Dodged            |   135 |     9 ||   144
